AoeStats
← carloslhc3809

Arena

510547346Analyzed
1v1 RM · 22h ago on Oct 1, 2026· 68m 49s· 2 players
Game mode
Random Map
Map size
Tiny (2 player)
Population
200
Speed
Normal
Resources
Standard
Victory
Conquest
Starting age
Dark Age
Ending age
Imperial Age
RankedLock teamsTeams togetherTeam positionsShared explorationLock speedFull tech treeHidden civsTurbo modeCheats
Victory
Defeat
🇨🇳 Britons · China
917
+16
🇳🇱 Hindustanis · Netherlands
909
-16
carloslhc3809
11:50 Feudal Age
15:38 Castle Age
13:37 Double-Bit Axe
14:03 Horse Collar
20:00 Wheelbarrow
19:14 Loom
19:30 Town Watch
20:32 Bow Saw
20:25 Heavy Plow
20:35 Stone Mining
21:29 Gold Mining
25:18 Gold Shaft Mining
28:15 Imperial Age
25:51 Scale Mail Armor
26:02 Forging
27:55 Grand Trunk Road
28:39 Chain Mail Armor
29:26 Bloodlines
28:39 Light Cavalry
29:41 Scale Barding Armor
31:23 Conscription
30:39 Hussar
32:48 Two-Man Saw
33:09 Chemistry
33:06 Husbandry
34:46 Iron Casting
35:20 Chain Barding Armor
34:27 Elite Ghulam
38:56 Plate Barding Armor
39:23 Blast Furnace
38:47 Fletching
42:03 Siege Engineers
42:08 Masonry
47:53 Siege Elephant
55:07 Bodkin Arrow
Fun
11:40 Feudal Age
12:18 Horse Collar
12:23 Double-Bit Axe
17:14 Castle Age
18:26 Loom
19:00 Gold Mining
21:27 Heavy Plow
21:39 Bow Saw
21:38 Stone Mining
22:48 Wheelbarrow
24:26 Treadmill Crane
27:31 Imperial Age
26:57 Fortified Wall
28:03 Town Watch
29:26 Two-Man Saw
29:11 Masonry
28:54 Fletching
29:07 Scale Mail Armor
29:47 Conscription
30:13 Hand Cart
30:32 Ballistics
32:14 Pikeman
34:00 Chemistry
33:03 Warwolf
34:11 Hoardings
33:23 Halberdier
34:05 Squires
34:26 Padded Archer Armor
34:40 Forging
34:25 Bodkin Arrow
34:57 Yeomen
35:34 Town Patrol
36:48 Gold Shaft Mining
35:39 Onager
36:16 Elite Skirmisher
37:41 Elite Longbowman
38:48 Guilds
38:42 Bracer
39:43 Halberdier
40:58 Architecture
40:46 Leather Archer Armor
46:37 Chain Mail Armor
46:53 Ring Archer Armor
46:58 Iron Casting
46:31 Scale Barding Armor
46:35 Siege Engineers
46:25 Murder Holes
47:57 Arson
47:34 Man-at-Arms
47:39 Capped Ram
48:52 Plate Mail Armor
48:16 Guard Tower
52:35 Long Swordsman
53:01 Gambesons
54:12 Two-Handed Swordsman
57:58 Blast Furnace
57:18 Chain Barding Armor
57:35 Keep
59:32 Arrowslits
59:23 Sappers
61:12 Plate Barding Armor
62:56 Champion
Connection lost

Rejoining the realm…

Still unreachable

The connection could not be restored.

Session expired

The server has moved on; the page needs a fresh start.